Workbook
Name AGENCE: Feuil5!$C$1:$C$4
Name AGENCE1: [1]Feuil4!$C$1:$C$4
Name AGENCES: #REF!
Name Conventions: Données!$K$3:$K$178
Name DateSalaire: Données!$B$4:$C$6
Name Endettement: Données!$E$4:$E$6
Name Périodicité: Données!$G$4:$G$7
Name SEGMENTS: #REF!
Name SIEGE: #REF!
Name SIEGE1: #REF!
Name SIEGE2: Feuil5!$A$1:$A$7
Name SIEGE3: [1]Feuil4!$A$1:$A$7
Name SIEGE4: [1]Feuil4!$E$1:$E$12
Name Typedeprêt: Données!$I$4:$I$7
Name Virementsalaire: Données!$C$4:$C$6

Sheet Simulation CP
A3: SIEGE | C3: AGENCE
A4: AGENCE CENTRALE | C4: RR | I4: =TODAY() -> 41651
A5: COMPTE NUMERO
A7: TYPE DE PRÊT | B7: Convention | H7: Pièce d'identité du client
H8: Deux bulletins de salaire ( 1 bleu / fonct)
H9: Attestation d'emploi (Privé)
B10: DATE | C10: AGE | H10: Extraits comptes cyber
A11: Entrée En Relation | B11: 36473 | C11: =DATEDIF(B11,I4,"y")&" années et "&DATEDIF(B11,I4,"ym")&" mois" -> 14 années et 2 mois | H11: Lettre de domicialition de salaire
A12: Embauche | B12: 36642 | C12: =DATEDIF(B12,I4,"y")&" années et "&DATEDIF(B12,I4,"ym")&" mois" -> 13 années et 8 mois | I12: (Privé / Militaire)
A13: Naissance | B13: 26038 | C13: =DATEDIF(B13,I4,"y")&" années et "&DATEDIF(B13,I4,"ym")&" mois" -> 42 années et 8 mois | H13: Lettre de présence au corps ( Militaire)
A14: Départ à la Retraite | B14: 47968 | C14: =DATEDIF(I4,B14,"y")&" années et "&DATEDIF(I4,B14,"ym")&" mois" -> 17 années et 3 mois | E14: =IF(C14<=3,"Alerte","Néant") -> Néant
C16: Périodicité | E16: Mensuelle
B17: Taux d'emprunt | E17: Durée | F17: Capital emprunté | G17: Amortissement | I17: Début | J17: Fin
B18: TBB | C18: x | D18: TBB + x | E18: 48 | F18: 17500000 | G18: Mensuel | H18: Global | I18: =DATE(YEAR(I4),MONTH(I4)+1,DAY(D25)-1) -> 41689 | J18: =DATE(YEAR(I4),MONTH(I18)+(E18)-1,DAY(D25)-1) -> 43119
B19: 11 | C19: 4 | D19: =B19+C19 -> 15 | G19: =(-PMT(D19*1.18%/12,E18,F18)) -> 511323.21 | H19: =G19*E18 -> 24543514
B21: M -2 | C21: M -1 | D21: M | F21: Coefficient d'endettement | H21: Limité à
A22: Salaire | B22: 1000000 | C22: 1000000 | D22: 1000000 | F22: =(H41/C41) -> 0.51132321 | H22: 0.35
A23: Salaire Moyen | B23: =AVERAGE(B22:D22) -> 1000000
A25: Virement salaire | C25: Le | D25: 41659
A27: Revenus | B27: Mois | C27: An | F27: Remboursement | G27: Mois | H27: An
A28: =B23 -> 1000000 | B28: 12 | C28: =A28*B28 -> 12000000 | F28: =G19 -> 511323.21 | G28: 12 | H28: =F28*G28 -> 6135878.5
C29: =A29*B29 -> 0 | H29: =F29*G29 -> 0
C30: =A30*B30 -> 0 | H30: =F30*G30 -> 0
C31: =A31*B31 -> 0 | H31: =F31*G31 -> 0
C32: =A32*B32 -> 0 | H32: =F32*G32 -> 0
C33: =A33*B33 -> 0 | H33: =F33*G33 -> 0
C34: =A34*B34 -> 0 | H34: =F34*G34 -> 0
C35: =A35*B35 -> 0 | H35: =F35*G35 -> 0
C36: =A36*B36 -> 0 | H36: =F36*G36 -> 0
C37: =A37*B37 -> 0 | H37: =F37*G37 -> 0
C38: =A38*B38 -> 0 | H38: =F38*G38 -> 0
C39: =A39*B39 -> 0 | H39: =F39*G39 -> 0
C40: =A40*B40 -> 0 | H40: =F40*G40 -> 0
A41: Total | C41: =SUM(C28:D40) -> 12000000 | F41: Total | H41: =SUM(H28:H40) -> 6135878.5

Sheet Données
C2: Date de virement | E2: Endettement | G2: Périodicité | I2: Type de Prêt | K2: Conventions
B4: Le | C4: =DATE(YEAR('Simulation CP'!$I$4),MONTH('Simulation CP'!$I$4),DAY(20)) -> 41659 | E4: 0.3 | G4: Mensuelle | I4: Convention | K4: ACERGY GABON SARL CP Aavec RG 20%
B5: Le | C5: =DATE(YEAR('Simulation CP'!$I$4),MONTH('Simulation CP'!$I$4),DAY(25)) -> 41664 | E5: 0.33 | G5: Trimestrielle | I5: Crédit Sans Garantie | K5: ACERGY GABON SARL CP Avec Caution
B6: Le | C6: =DATE(YEAR('Simulation CP'!$I$4),MONTH('Simulation CP'!$I$4),DAY(30)) -> 41669 | E6: 0.35 | G6: Semestrielle | I6: Crédit Privé avec RG 10% | K6: ACERGY GABON SARL CP Véhicule Neuf
G7: Annuelle | I7: Crédit Privé avec RG 20% | K7: ACERGY GABON SARL Crédits Immobiliers
K8: ACG / ASCOMA GABON
K9: ADL CP Conso Justifiée
K10: ADL CP Conso Sans Justifs
K11: ADL CP Véhicule
K12: ADL Immo Avec Titre de Propritété
K13: ADL Immo Sans Titre de Propritété
K14: AIR France CP Sans Aval
K15: AIRTEL (Con. CELTEL) CP Avec Aval
K16: AIRTEL (Con. CELTEL) CP Avec RG 20 %
K17: AIRTEL (Con. CELTEL) CP Véhicule
K18: AIRTEL (Con. CELTEL) Crédits Immobiliers
K19: ANBG ( Conv. DG Bourses/Stages) avec Caution
... K178: TRESORERIE GLE DU GABON Crédits Immo

Sheet AGE
A1: AGE | B1: Retraite
A2: =DATEDIF('Simulation CP'!B13,'Simulation CP'!I4,"y") -> 42 | B2: =DATEDIF('Simulation CP'!I4,'Simulation CP'!B14,"y") -> 17

Sheet Feuil5
A1: AGENCE CENTRALE | C1: PRIMA | E1: AGENCE CENTRALE
A2: MONT BOUET | C2: DEVENIR | E2: MONT BOUET
A3: OLOUMI | C3: RR | E3: OLOUMI
A4: OWENDO | C4: PRESTIGE | E4: OWENDO
A5: LOUIS | E5: LOUIS
A6: NZENG-AYONG | E6: NZENG-AYONG
A7: OKALA | E7: OKALA
E8: PORT-GENTIL
E9: GAMBA
E10: FRANCEVILLE
E11: MOANDA
E12: MOUILA
